 Dungeon Crawl Stone Soup version 0.19.0-24-gb05acd6 (webtiles) character file.

160 equalderp2856 the Scratcher (level 5, -2/24 HPs)
             Began as a Felid Fighter on Nov 22, 2016.
             Slain by a worker ant (7 damage)
             ... on level 4 of the Dungeon.
             The game lasted 00:11:27 (3541 turns).

equalderp2856 the Scratcher (Felid Fighter)         Turns: 3541, Time: 00:11:27

Health: -2/24      AC:  1    Str: 13    XL:     5   Next: 17%
Magic:  6/6        EV: 26    Int:  9    God:
Gold:   192        SH:  0    Dex: 21    Spells: 0 memorised, 4 levels left
                                        Lives:  0   Deaths: 1

rFire  . . .     SeeInvis +       - Unarmed
rCold  . . .     Gourm    .     (armour unavailable)
rNeg   . . .     Faith    .     (shield unavailable)
rPois  .         Spirit   .     (helmet unavailable)
rElec  .         Reflect  .     (cloak unavailable)
rCorr  .         Harm     .     (gloves unavailable)
MR     .....                    (boots unavailable)
Stlth  ++++......               (no amulet)
                                (no ring)
                                (no ring)

@: agile, lethally poisoned (-2 -> -7), quick
A: no armour, no weapons or thrown items, stealth, claws 1, fangs 3, see
invisible, carnivore 3, speed 1, shaggy fur 1, slow metabolism 1, sharp paws
a: no special abilities


You were on level 4 of the Dungeon.
You were full.

You visited 1 branch of the dungeon, and saw 5 of its levels.

You collected 192 gold pieces.

Inventory:

Jewellery
 d - a +4 amulet of reflection {unknown}
Scrolls
 c - a scroll of remove curse {unknown}
 e - a scroll of noise {unknown}
 g - a scroll of random uselessness {unknown}
 h - 3 scrolls of recharging {unknown}
 i - a scroll of amnesia {unknown}
 j - a scroll of magic mapping {unknown}
 l - a scroll of enchant armour {unknown}
 n - 2 scrolls of identify {unknown}
Potions
 a - a potion of might
 o - a potion of beneficial mutation {unknown}
 p - a potion of heal wounds {unknown}
Comestibles
 b - a meat ration
 f - 2 beef jerkies
 m - 2 bread rations


   Skills:
 + Level 3.3 Fighting
 + Level 5.0 Dodging
 + Level 2.8 Stealth
 + Level 6.1 Unarmed Combat


You had 4 spell levels left.
You didn't know any spells.

Dungeon Overview and Level Annotations

Branches:
Dungeon (5/15)
 Temple: D:4-7

Altars:
Cheibriados
Gozag
Makhleb
Sif Muna

Annotations:
D:4 Blork the orc; Jessica; SaltIsReal's ghost, amateur CeGl


Innate Abilities, Weirdness & Mutations

You cannot wear armour.
You are incapable of wielding weapons or throwing items.
Your paws allow you to move quietly. (Stealth)
You have sharp claws.
You have razor-sharp teeth.
You have supernaturally acute eyesight. (SInv)
You are carnivorous and can eat meat at any time.
You cover ground quickly.
You are covered in fur. (AC +1)
You have a slow metabolism.
Your sharp claws are effective at attacking unaware monsters.


Message History

You barely miss the worker ant. The worker ant bites you.
You barely miss the worker ant. The worker ant bites you.
You barely miss the worker ant. The worker ant barely misses you.
You barely miss the worker ant. The worker ant misses you.
You scratch the quokka but do no damage.
Your bite misses the quokka. The worker ant closely misses you.
The quokka misses you.
You claw the quokka!
You kill the quokka!
The worker ant bites you.
You are poisoned.
The worker ant poisons you!
You scratch the worker ant but do no damage.
You feel sick. The worker ant bites you!
* * * LOW HITPOINT WARNING * * *
Okay, then.
It was a potion of agility.
You feel agile all of a sudden. The worker ant bites you!
You die...

##......... ####
###..........
..'.#####............
#....##.###........
##.......# ##.......
#.......## ######..
#####.......# #..
...........%# #..
......a@....# #..
......†.....# ###
...........##
.........%##
###########


You could see a worker ant.

Vanquished Creatures
  A hound (D:4)
  3 worker ants (D:5)
  A mummy (D:5)
  4 adders
  3 oozes
  2 worms (D:2)
  A dart slug (D:1)
  3 leopard geckos
  2 orcs (D:3)
  2 giant cockroaches
  3 goblins (D:1)
  8 hobgoblins
  5 jackals
  3 quokkas
  7 bats
  5 frilled lizards
  2 hobgoblin zombies (D:5)
  2 kobolds
  2 orc zombies (D:5)
  6 rats
65 creatures vanquished.

Notes
Turn   | Place    | Note
-------+----------+-------------------------------------------
     0 | D:1      | equalderp2856 the Felid Fighter began the quest for the Orb.
     0 | D:1      | Reached XP level 1. HP: 10/10 MP: 2/2
   398 | D:1      | Reached XP level 2. HP: 9/14 MP: 3/3
  1160 | D:2      | Noticed Jessica
  1466 | D:2      | Reached XP level 3. HP: 17/17 MP: 4/4
  1820 | D:2      | Found a deep blue altar of Sif Muna.
  1876 | D:2      | Reached skill level 5 in Unarmed Combat
  1895 | D:2      | Reached XP level 4. HP: 19/21 MP: 5/5
  1926 | D:2      | Reached skill level 1 in Stealth
  2230 | D:3      | Found a snail-covered altar of Cheibriados.
  2260 | D:3      | Found a burning altar of Makhleb.
  2417 | D:5      | Entered Level 5 of the Dungeon
  2615 | D:4      | Noticed Blork the orc
  2786 | D:4      | Noticed SaltIsReal's ghost (amateur CeGl)
  2895 | D:5      | Noticed a sky beast
  2907 | D:5      | Reached XP level 5. HP: 24/24 MP: 6/6
  2997 | D:5      | Noticed a centaur
  2997 | D:5      | Shot with an arrow by a centaur
  2998 | D:5      | Reached XP level 4. HP: -2/21 MP: 5/5
  2998 | D:5      | Found an opulent altar of Gozag.
  3373 | D:5      | Reached skill level 6 in Unarmed Combat
  3497 | D:4      | Reached skill level 5 in Dodging
  3497 | D:4      | Reached XP level 5. HP: 20/24 MP: 6/6
  3541 | D:4      | Slain by a worker ant

Skill      XL: |  1  2  3  4 |
---------------+-------------+-----
Unarmed Combat | 5 6 |  6.1
Stealth        | 2 |  2.8
Dodging        | 5 |  5.0
Fighting       | |  3.3

Action                   |  1- 3 |  4- 6 || total
-------------------------+-------+-------++-------
Melee: Unarmed           |    91 |   101 ||   192
       Bite              |    10 |     9 ||    19
       Punch             |       |     1 ||     1
  Use: Potion            |       |     1 ||     1
 Stab: Sleeping          |     4 |     3 ||     7
  Eat: Chunk             |     6 |     5 ||    11
Armor: Skin              |     9 |     4 ||    13
Dodge: Dodged            |    85 |    78 ||   163
